 Seeded DCSS version 0.30-b1-5-g8e6c1be481 (webtiles) character file.

Game seed: 5042023 (custom seed)

3458 Kazon the Cleaver (level 10, -5/91 HPs)
             Began as a Naga Berserker on May 4, 2023.
             Was an Elder of Trog.
             Slain by a yak (14 damage)
             ... on level 7 of the Dungeon.
             The game lasted 00:28:52 (6063 turns).

Kazon the Cleaver (Naga Berserker)                  Turns: 6063, Time: 00:28:53

Health: -5/91      AC:  7    Str: 26    XL:     10   Next: 6%
Magic:  10/10      EV: 10    Int: 16    God:    Trog [****..]
Gold:   378        SH:  0    Dex: 12    Spells: 9/9 levels left

rFire   . . .        s - +0 lajatang (speed)
rCold   . . .        (shield currently unavailable)
rNeg    . . .        M - +0 steam dragon scales
rPois   +            (no helmet)
rElec   .            (no cloak)
rCorr   .            (no gloves)
SInv    +            (no barding)
Will    +++..        (no amulet)
Stlth   ++           p - +6 ring of intelligence
HPRegen 1.35/turn    L - +6 ring of strength
MPRegen 0.12/turn

%: no passive effects
@: strong-willed, on berserk cooldown, regenerating, slowed, very slow
A: AC +3, large, see invisible, deformed body, poison resistance, slowness 2,
spit poison 1, naga tail 1
a: Spit Poison, Renounce Religion, Berserk, Trog's Hand, Brothers in Arms


You were on level 7 of the Dungeon.
You worshipped Trog.
Trog was greatly pleased with you.
You visited 1 branch of the dungeon, and saw 7 of its levels.
You also visited: Sewer.

You collected 378 gold pieces.

Inventory:

Hand Weapons
 a - a +0 dagger of draining
 c - a +0 war axe
 e - a +0 dagger of holy wrath
 s - a +0 lajatang of speed (weapon)
 I - a +1 spear of freezing
Missiles
 d - 10 stones (quivered)
 n - 3 javelins
 C - 2 silver boomerangs
 F - 20 poisoned darts
 K - a throwing net
Armour
 b - a +3 plate armour
 g - an orb of light
 M - +0 steam dragon scales (worn)
Jewellery
 p - a +6 ring of intelligence (left hand)
 z - a ring of ice
 L - a +6 ring of strength (right hand)
Wands
 q - a wand of polymorph (12)
 v - a wand of mindburst (20)
Scrolls
 f - a scroll of silence {unknown}
 i - 3 scrolls of magic mapping {unknown}
 j - 4 scrolls of fear {unknown}
 k - 2 scrolls of fog {unknown}
 l - 7 scrolls of identify {unknown}
 m - 3 scrolls of teleportation {unknown}
 t - 5 scrolls of poison {unknown}
 u - 2 scrolls of blinking {unknown}
 y - a scroll of amnesia {unknown}
 D - 2 scrolls of butterflies {unknown}
 G - a scroll of enchant weapon {unknown}
Potions
 h - 2 potions of invisibility {unknown}
 o - 7 potions of curing {unknown}
 r - 5 potions of mutation {unknown}
 w - 3 potions of heal wounds {unknown}
 x - 2 potions of lignification {unknown}
 A - a potion of haste {unknown}
 B - 2 potions of degeneration {unknown}
 E - 2 potions of might {unknown}
 H - a potion of ambrosia {unknown}
 J - 2 potions of brilliance {unknown}
 N - 2 potions of attraction {unknown}


   Skills:
 + Level 5.9 Fighting
 + Level 8.8 Axes
 + Level 4.1 Staves
 + Level 3.1 Throwing
 + Level 5.5 Armour
 + Level 2.4 Dodging
 + Level 2.6 Stealth
 * Level 4.2 Evocations


You had 9 spell levels left.
You didn't know any spells.
Your spell library was empty.

Dungeon Overview and Level Annotations

Branches:
Dungeon (7/15)             Temple (0/1) D:4           Sewer (visited)

Altars:
Cheibriados
Trog
Zin


Innate Abilities, Weirdness & Mutations

Your serpentine skin is tough. (AC +3)
You have supernaturally acute eyesight. (SInv)
Armour fits poorly on your strangely shaped body.
Your system is resistant to poisons. (rPois)
You cover ground very slowly.
You can spit poison.
You have a snake-like lower body.


Message History

You slice the yak!!
You kill the yak!
Trog accepts your kill.
Your Evocations skill increases to level 4!
You have reached level 10!
You hit the yak.
The yak is lightly wounded.
You are no longer berserk.
You are exhausted.
You feel yourself slow down.
Unknown command.
Your skin crawls.
You feel strong-willed. The yak gores you but does no damage.
The yak barely misses you. The yak gores you!
* * * LOW HITPOINT WARNING * * *
The yak closely misses you.
Your two-headed ogre goes berserk!
The yak closely misses you. x2; The yak gores you!
* * * LOW HITPOINT WARNING * * *
You closely miss the yak. The yak misses you. The yak barely misses you. x2
Your two-headed ogre hits the yak with a +0 giant club!!
Your two-headed ogre barely misses the yak.
The yak gores you but does no damage. x2; The yak gores you!
* * * LOW HITPOINT WARNING * * *
Unknown command.
You slice the yak!!
The yak is severely wounded.
Your two-headed ogre hits the yak with a +0 giant club!!!
The yak dies!
Trog accepts your kill. The yak gores you but does no damage.
The yak barely misses you.
Your Staves skill increases to level 4!
You hit the yak.
The yak is severely wounded.
Your two-headed ogre hits the yak with a +0 giant club!!
The yak dies!
Trog accepts your kill. The yak gores you!
You die...

#....# #....#
#....# ##
#....# .?.
#....##.Y..
#:.......Y.
#..O.# #.†Y†#
#########
#..@##
#.......###.###
#..........>#
#........##+#.
#.............
#.............
#..............
#........#.....
#..............


You could see a yak and a friendly two-headed ogre (summoned, berserk).

Vanquished Creatures
  Sigmund (D:6)
  A wyvern (D:6)
  8 yaks
  A steam dragon (D:7)
  Duvessa (D:5)
  A black bear (D:6)
  An ogre (D:5)
  A phantom (D:5)
  A kobold brigand (Sewer)
  4 scorpions (D:4)
  A gnoll sergeant (D:6)
  Dowan (D:5)
  A jelly (D:5)
  3 hounds (D:5)
  4 orc priests
  3 iguanas
  2 sleepcaps (D:5)
  4 orc wizards
  9 gnolls (D:6)
  17 adders
  8 river rats
  A shadow imp (D:6)
  A white imp (D:6)
  6 ufetubi
  8 worms
  2 dart slugs (D:4)
  12 orcs
  16 ball pythons
  7 endoplasms
  A giant cockroach (D:1)
  7 goblins
  8 hobgoblins
  3 quokkas
  8 bats
  3 frilled lizards
  9 kobolds
  13 rats
178 creatures vanquished.

Vanquished Creatures (collateral kills)
  2 yaks (D:7)
2 creatures vanquished.

Grand Total: 180 creatures vanquished

Notes
Turn   | Place    | Note
-------+----------+-------------------------------------------
     0 | D:1      | Kazon the Naga Berserker began the quest for the Orb.
     0 | D:1      | Reached XP level 1. HP: 21/21 MP: 1/1
   106 | D:1      | Reached XP level 2. HP: 15/28 MP: 2/2
   458 | D:1      | Reached ** piety under Trog
   469 | D:1      | Reached XP level 3. HP: 32/34 MP: 3/3
  2308 | D:3      | Reached skill level 4 in Axes
  2308 | D:3      | Reached XP level 4. HP: 42/42 MP: 4/4
  2535 | D:4      | Noticed a scorpion
  2543 | D:4      | Killed a scorpion
  2544 | D:4      | Reached skill level 1 in Throwing
  2544 | D:4      | Reached skill level 1 in Stealth
  2544 | D:4      | Reached XP level 5. HP: 45/49 MP: 5/5
  2645 | D:4      | Found a bloodstained altar of Trog.
  2645 | D:4      | Found a glowing silver altar of Zin.
  2738 | D:4      | Reached skill level 5 in Axes
  2738 | D:4      | Reached XP level 6. HP: 37/57 MP: 6/6
  2824 | D:4      | Noticed Ijyb
  2826 | D:4      | Ijyb changed into Ijyb the rat
  2826 | D:4      | Noticed Ijyb
  2830 | D:4      | Killed Ijyb the rat
  3056 | D:4      | Found a staircase to the Ecumenical Temple.
  3498 | D:5      | Entered Level 5 of the Dungeon
  3553 | D:5      | Reached XP level 7. HP: 36/63 MP: 7/7
  3694 | D:5      | Noticed Duvessa
  3708 | D:5      | Killed Duvessa
  3709 | D:5      | Reached skill level 6 in Axes
  3714 | D:5      | Noticed Dowan
  3729 | D:5      | Killed Dowan
  3801 | D:5      | Reached *** piety under Trog
  3871 | D:5      | Reached XP level 8. HP: 73/73 MP: 8/8
  3907 | D:5      | Found a glowing drain.
  3912 | Sewer    | Entered a sewer
  4183 | Sewer    | Reached skill level 7 in Axes
  4335 | Sewer    | Reached **** piety under Trog
  4972 | D:6      | Noticed a yak
  4972 | D:6      | Noticed a yak
  4972 | D:6      | Noticed a yak
  4972 | D:6      | Noticed a yak
  4972 | D:6      | Noticed a yak
  4979 | D:5      | Killed a yak
  4980 | D:5      | Reached skill level 1 in Evocations
  5062 | D:6      | Killed a yak
  5063 | D:6      | Reached skill level 5 in Fighting
  5135 | D:6      | Killed a yak
  5136 | D:6      | Reached skill level 8 in Axes
  5139 | D:6      | Killed a yak
  5140 | D:6      | Reached XP level 9. HP: 81/81 MP: 9/9
  5448 | D:6      | Noticed Sigmund
  5459 | D:6      | Killed Sigmund
  5460 | D:6      | Reached skill level 1 in Staves
  5460 | D:6      | Reached skill level 5 in Armour
  5578 | D:6      | Found a snail-covered altar of Cheibriados.
  5736 | D:7      | HP: 4/82 [steam dragon (9)]
  5736 | D:7      | HP: 1/82 [steam dragon (3)]
  6058 | D:7      | Reached XP level 10. HP: 39/91 MP: 10/10
  6063 | D:7      | Slain by a yak

Illustrated notes

Levels and vault maps discovered:
D:1:      roderic_dead_forest, layout_loops_ring
D:2:      layout_basic, nrook_mini_vaults
D:3:      layout_basic
D:4:      layout_gridville, gammafunk_temple_overflow_elements, temple_doors_cd,
          uniq_ijyb
D:5:      layout_basic, lightli_sewer_entry_pipes,
          hangedman_abyss_or_decor_passed, nicolae_half_adder, uniq_duvessa
D:6:      layout_cave_pools, cheibriados_altar_1, uniq_sigmund
D:7:      layout_basic

Skill      XL: |  1  2  3  4  5  6  7  8  9 10 |
---------------+-------------------------------+-----
Axes           | 4 5 6 8 |  8.8
Dodging        | 2 |  2.4
Throwing       | 1 2 3 |  3.1
Stealth        | 1 2 |  2.6
Armour         | 2 3 4 5 |  5.5
Fighting       | 4 5 |  5.9
Evocations     | 2 4 |  4.2
Staves         | 3 4 |  4.1

Action                     |  1- 3 |  4- 6 |  7- 9 | 10-12 || total
---------------------------+-------+-------+-------+-------++-------
  Melee: War axe           |    63 |    76 |   183 |       ||   322
         Dagger            |     4 |       |       |       ||     4
         Lajatang          |       |       |    92 |     4 ||    96
         Spear             |       |       |     3 |       ||     3
  Throw: Stone             |    24 |     9 |    16 |       ||    49
         Dart              |       |       |    29 |       ||    29
 Invoke: Berserk           |       |       |     5 |       ||     5
         Trog's Hand       |       |       |     1 |     1 ||     2
         Brothers in Arms  |       |       |       |     1 ||     1
Ability: Spit Poison       |    22 |    21 |    46 |       ||    89
  Evoke: Wand              |       |     2 |       |       ||     2
 Armour: Animal skin       |    23 |       |       |       ||    23
         Plate armour      |     4 |    57 |   174 |       ||   235
         Steam dragon scal |       |       |     3 |     4 ||     7
  Dodge: Dodged            |    50 |    31 |    73 |     8 ||   162
